[Event "*** SCC Grand Prix: Titled Tuesday Blitz"]
[Site "Chess.com"]
[Date "2020.08.25"]
[Round "10"]
[White "allvim"]
[Black "salomez"]
[Result "1-0"]
[WhiteElo "2415"]
[BlackElo "2228"]
[TimeControl "180+1"]
[EndTime "12:00:33 PDT"]
[Termination "allvim won on time"]

1. e4 c5 2. Nf3 e6 3. b3 d6 4.
Bb2 Nf6 5. Bb5+ Nc6 6. Qe2 Bd7 7. O-O Be7 8. Re1 O-O 9. Bxc6 Bxc6 10. d3 b5 11. Nbd2 a6 12. Nf1 e5 13. Ng3 g6 14. Rad1 Re8 15. c3 Bf8 16. Qc2 Bg7 17. d4 Qb6 18. dxe5 dxe5 19. Rd6 Rad8 20. Red1 Rxd6 21. Rxd6 Rd8 22. Qd3 Rxd6 23. Qxd6 Ne8 24. Qd3 c4 25. bxc4 bxc4 26. Qxc4 Nd6 27. Qe2 Nxe4 28.
Nxe4 Bxe4 29. Qxe4 Qxb2 30. h4 h6 31. h5 Qc1+ 32.
Kh2 Qf4+ 33. Qxf4 exf4 34. c4 Kf8 35. hxg6 fxg6 36. Kg1 Ke7 37. Kf1 Kd6 38. Ke2 Kc5 39. Kd3 g5 40. Nd2 g4 41. Ne4+ Kb4 42. Nd6 Be5 43.
Nf7 Bg7 44. Nd8 a5 45. Nc6+ Kc5 46. Ne7 a4 47. Nd5 a3 48. Nxf4 1-0

[Event "*** SCC Grand Prix: Titled Tuesday Blitz"]
[Site "Chess.com"]
[Date "2020.08.25"]
[Round "10"]
[White "swimmerchess"]
[Black "hansen"]
[Result "1/2-1/2"]
[WhiteElo "2849"]
[BlackElo "2950"]
[TimeControl "180+1"]
[EndTime "12:00:35 PDT"]
[Termination "Game drawn - insufficient material"]

1. e4 c5 2. Nf3 e6 3. d4 cxd4 4. Nxd4 a6 5. Nc3 Qc7 6. Bd3 Nf6 7. O-O d6 8. Kh1 h5 9. h3 b5 10. a4 b4 11. Na2 Bb7 12. Qe2 Nbd7 13. Nxb4 d5 14.
exd5 Bxb4 15. dxe6 Nc5 16. exf7+ Kxf7 17. Bc4+ Kf8 18.
c3 Ng4 19. f4 Re8 20. Qc2 Ne4 21. cxb4 Qb6 22. Ne2 Nef2+ 23. Rxf2 Qxf2 24. Qf5+ Nf6 25. Qc5+ Qxc5 26. bxc5 Ne4 27. b4 h4 28. Bb2 Ng3+ 29. Nxg3 hxg3 30. Be5 Rxh3+ 31. Kg1 Rh2 32. Bd6+ Re7 33. Bxe7+ Kxe7 34. Re1+ Kf6 35. c6 Bc8 36.
Re3 Rh4 37. Rxg3 Rxf4 38. Rf3 Rxf3 39. gxf3 Ke5 40. b5 axb5 41. axb5 Kd6 42. Kf2 Kc5 43.
Bd3 g5 44. Ke3 Be6 45. Ke4 Bd5+ 46. Ke5 Bxf3 47. Be4 Bg4 48. Bf5 Bf3 49. Be4 Bg4 50. Kf6 Kxb5 51. Kxg5 Bc8 52. Kf6 Kb6 53. Ke7 Kc7 54.
Bd5 Ba6 55. Be4 Bb5 56. Bd5 Ba4 57. Be4 Bxc6 1/2-1/2

[Event "*** SCC Grand Prix: Titled Tuesday Blitz"]
[Site "Chess.com"]
[Date "2020.08.25"]
[Round "10"]
[White "karwowskikacper"]
[Black "zmarian"]
[Result "1-0"]
[WhiteElo "2401"]
[BlackElo "2192"]
[TimeControl "180+1"]
[EndTime "12:00:35 PDT"]
[Termination "karwowskikacper won on time"]

1. e4 g6 2. d4 Bg7 3. h4 h5 4. Be3 d6 5. Nc3 Nf6 6. f3 Nbd7 7. Qd2 e5 8. Nh3 c6 9. O-O-O Qe7 10. d5 c5 11. Nf2 Nf8 12. Bb5+ Bd7 13. g4 a6 14.
Bxd7+ N8xd7 15. g5 Ng8 16. Nd3 b5 17. Kb1 Qd8 18.
f4 exf4 19. Bxf4 c4 20. Nb4 Ne5 21. Nc6 Qd7 22. Bxe5 dxe5 23. Rhf1 Ne7 24. Qf2 O-O 25. Nxe7+ Qxe7 26. d6 Qd8 27. Nd5 Kh8 28. Qc5 Rc8 29. Nc7 Qd7 30. Qd5 Kg8 31. a3 Rfd8 32. Nxa6 Qe6 33. Qxe6 fxe6 34. d7 Rc6 35. Nb4 Rb6 36.
Rf2 Bf8 37. Rf6 Bxb4 38. axb4 Rb7 39. Rxg6+ Kh7 40. Rxe6 Rbxd7 41. Rxd7+ Rxd7 42. Rxe5 Rd1+ 43. Ka2 Rd2 44. c3 Re2 45. Rxb5 Rxe4 46. Rc5 Rxh4 47.
b5 Re4 48. Ka3 h4 49. Rf5 h3 50. Rf2 Re5 51. Kb4 Rxg5 52. b6 Rg2 53. Rf3 1-0

[Event "*** SCC Grand Prix: Titled Tuesday Blitz"]
[Site "Chess.com"]
[Date "2020.08.25"]
[Round "10"]
[White "Guenplen"]
[Black "Matveev_Vladimir"]
[Result "1-0"]
[WhiteElo "2877"]
[BlackElo "2543"]
[TimeControl "180+1"]
[EndTime "12:00:36 PDT"]
[Termination "Guenplen won by resignation"]

1. d4 Nf6 2. Bf4 g6 3. Nc3 d6 4. e4 Bg7 5. Qd2 h6 6. f3 Nc6 7.
d5 Ne5 8. Nge2 g5 9. Bxe5 dxe5 10. Ng3 e6 11. O-O-O a6 12. Bc4 b5 13. Bb3 b4 14.
Na4 exd5 15. exd5 O-O 16. Nc5 a5 17. d6 cxd6 18. Qxd6 Qxd6 19. Rxd6 Ra7 20. Rhd1 Rc7 21. Nge4 Nxe4 22. Nxe4 Kh8 23. g4 f5 24. gxf5 Bxf5 25. Be6 Bh7 26. Bg4 Bg8 27. Kb1 a4 28. b3 axb3 29.
axb3 Rb8 30. Rd8 Rxd8 31. Rxd8 Re7 32. Rb8 Kh7 33. Bf5+ Kh8 34. Rxb4 Bf8 35. Rb6 Rf7 36. Bg4 Rf4 37. Rb8 Kg7 38. Rb7+ Kh8 39. Rd7 Bf7 40. c4 Kg8 41. h3 h5 42. Rxf7 Kxf7 43. Bxh5+ Kg8 44.
Bg4 Bb4 45. Nxg5 e4 46. Nxe4 Rf8 47. Kc2 Ra8 48. c5 Kg7 49. Kd3 Rc8 50. Kc4 Rd8 51. Kxb4 Rd4+ 52. Kb5 Rd1 53. c6 Rb1 54. b4 Rb3 55. Nc5 Rb1 56. c7 Rb3 57. c8=Q Rb1 1-0

[Event "*** SCC Grand Prix: Titled Tuesday Blitz"]
[Site "Chess.com"]
[Date "2020.08.25"]
[Round "10"]
[White "phoenix_sjh"]
[Black "JoliyRoger"]
[Result "1-0"]
[WhiteElo "2509"]
[BlackElo "2360"]
[TimeControl "180+1"]
[EndTime "12:00:37 PDT"]
[Termination "phoenix_sjh won by checkmate"]

1. d4 Nf6 2. c4 e6 3. Nc3 Bb4 4.
Qc2 c5 5. dxc5 Na6 6. Nf3 Nxc5 7.
Bd2 b6 8. e3 Bb7 9. Be2 O-O 10.
O-O Rc8 11. Rad1 Qe7 12. Qb1 Bxc3 13. Bxc3 d5 14. Ng5 Nce4 15. Nxe4 Nxe4 16. cxd5 Nxc3 17.
bxc3 Bxd5 18. Rd4 Rxc3 19. e4 Bc6 20. Rfd1 e5 21. Rd6 Rc5 22. h3 h6 23. R1d2 Rc8 24. Qb3 Be8 25. Qg3 Kf8 26. Kh2 Rc2 27. Bg4 Rxd2 28.
Rxd2 Rc7 29. Rd5 Rc5 30. Rd3 g6 31. Re3 h5 32. Be2 Bc6 33. h4 Qf6 34. Rf3 Qe6 35. Bd3 Rc1 36. Qg5 Kg7 37. Qxc1 Qe7 38. Qg5 f6 39. Qg3 Bd7 40. Re3 Bg4 41. f4 Be6 42. fxe5 Bxa2 43. exf6+ Qxf6 44. e5 Qe6 45. Bc2 Bd5 46. Bd1 Kh7 47. Bf3 Bc4 48. Qf4 Qe8 49. Qg5 Qb8 50. Be4 Bf7 51. Qxh5+ Kg7 52. Qg5 Qc7 53.
Bf3 Qc5 54. h5 Kf8 55. hxg6 Bxg6 56. Qf6+ Bf7 57. Qd8+ Kg7 58. Re4 Bg6 59. Qf6+ Kh7 60. Rh4+ Kg8 61. Rh8# 1-0

[Event "*** SCC Grand Prix: Titled Tuesday Blitz"]
[Site "Chess.com"]
[Date "2020.08.25"]
[Round "10"]
[White "XiaoKangZhong"]
[Black "VladaSviridova"]
[Result "1-0"]
[WhiteElo "2422"]
[BlackElo "2291"]
[TimeControl "180+1"]
[EndTime "12:00:37 PDT"]
[Termination "XiaoKangZhong won by checkmate"]

1. e4 e6 2. d4 d5 3. Nd2 c5 4. exd5 Qxd5 5. Ngf3 cxd4 6. Bc4 Qd7 7. O-O Nc6 8. Nb3 a6 9. a4 Nf6 10. Nbxd4 Nxd4 11. Nxd4 Qc7 12. Qe2 Bd6 13. h3 O-O 14. Bg5 Be5 15. c3 h6 16. Bh4 Bxd4 17. cxd4 Qf4 18. Bg3 Qxd4 19. Rad1 Qe4 20. Be5 Qxe2 21. Bxe2 Nd5 22. Bf3 Bd7 23. Bxd5 exd5 24. Rxd5 Bxa4 25. Rd4 Bc6 26. Rg4 f6 27. Bc3 Kf7 28. Rg3 Rfe8 29.
Rd1 Rad8 30. Rgd3 Rxd3 31. Rxd3 Bb5 32. Rd4 Re6 33. f3 Re2 34. Kh2 Bc6 35. Kg3 Rc2 36. Rd1 Ke6 37. Re1+ Kf5 38. Re7 g6 39. Rh7 h5 40.
Rc7 Ke6 41. Rc8 g5 42. Rf8 h4+ 43. Kh2 f5 44. Kg1 Rc1+ 45. Kh2 Rc2 46. Kg1 Rc1+ 47.
Kf2 f4 48. Rg8 Rc2+ 49. Kg1 Rc1+ 50. Kh2 Kf5 51. Rf8+ Kg6 52. Rf6+ Kh7 53. Rf5 Kg6 54. Re5 Bb5 55. Re6+ Kf5 56. Rf6# 1-0

[Event "*** SCC Grand Prix: Titled Tuesday Blitz"]
[Site "Chess.com"]
[Date "2020.08.25"]
[Round "10"]
[White "abykhovsky"]
[Black "GMKrikor"]
[Result "0-1"]
[WhiteElo "2776"]
[BlackElo "2738"]
[TimeControl "180+1"]
[EndTime "12:00:39 PDT"]
[Termination "GMKrikor won by checkmate"]

1. d4 Nf6 2. c4 g6 3. Nc3 d5 4. Bg5 Bg7 5. e3 Ne4 6. Bh4 Nxc3 7. bxc3 c5 8. cxd5 Qxd5 9. Qf3 Be6 10. Bb5+ Kf8 11.
e4 Qd6 12. d5 Bd7 13. Bxd7 Nxd7 14. Ne2 Ne5 15. Qe3 Nc4 16. Qd3 Ne5 17. Qc2 Nc4 18.
O-O Bf6 19. Bg3 Qa6 20. Nf4 Rc8 21. a4 Ne5 22. Rfb1 Kg7 23. Rb5 b6 24. Rab1 Rhd8 25.
c4 Nd7 26. Nd3 Bd4 27. h4 h5 28. Kh1 Nf6 29. f3 Ne8 30. Nc1 Nd6 31. Bxd6 exd6 32. Ne2 Bf6 33. g3 Rb8 34. a5 Qb7 35.
axb6 axb6 36. Qb3 Qe7 37. Rxb6 Rxb6 38. Qxb6 Ra8 39. Qb3 Be5 40. Kg2 Qa7 41. Kf2 Bf6 42. Rd1 Qa5 43. Rb1 Qa7 44. Qb7 Qa2 45. Qb3 Qd2 46. Qd1 Bd4+ 47. Kg2 Qe3 48. Nxd4 cxd4 49. Rb2 Ra3 50. Rd2 d3 51. Kh3 Rc3 52. Kg2 Qd4 53.
Qa1 Qxc4 54. Qd1 Rc2 55. Kf2 Qd4+ 56. Kf1 Rxd2 57. Qxd2 Qc4 58. Kf2 Qc5+ 59. Ke1 Qg1# 0-1

[Event "*** SCC Grand Prix: Titled Tuesday Blitz"]
[Site "Chess.com"]
[Date "2020.08.25"]
[Round "10"]
[White "brute4ever"]
[Black "HanSchut"]
[Result "1-0"]
[WhiteElo "2505"]
[BlackElo "2286"]
[TimeControl "180+1"]
[EndTime "12:00:39 PDT"]
[Termination "brute4ever won on time"]

1. e4 c5 2. Nf3 d6 3. Bb5+ Nd7 4. O-O a6 5. Bxd7+ Bxd7 6. c3 Nf6 7. Re1 Bc6 8. d4 Bxe4 9. Bg5 Bg6 10. Bxf6 gxf6 11.
Nbd2 e6 12. Qb3 Qc7 13. Ne4 Be7 14. Ng3 O-O-O 15. c4 Kb8 16. d5 e5 17. Nh4 Qd7 18. Qf3 h5 19. Ngf5 Rdg8 20. g3 Kc7 21. Rab1 Bxf5 22.
Qxf5 Qxf5 23. Nxf5 Bf8 24. h4 Bh6 25. Kf1 Rg4 26.
b3 Bd2 27. Re2 Bc3 28. f3 Rg6 29. Re4 Kd7 30. Kg2 Bd4 31. Kh3 Rhg8 32. Rf1 b5 33. Rc1 Bf2 34. g4 Rh8 35. Rc2 hxg4+ 36. Rxg4 Rxg4 37.
fxg4 Bd4 38. h5 b4 39. Kg3 a5 40. Kf3 Kc7 41. Ke4 Kd7 42. Rh2 Kc7 43. h6 Kd7 44. h7 Kc7 45. Rh6 a4 46. Ng3 axb3 47.
axb3 Kd7 48. Nh5 Ke7 49. Nxf6 Bb2 50. g5 Bc3 51. Kf5 Bd2 52. Ne4 Bxg5 53. Nxg5 f6 54. Rxf6 1-0

[Event "*** SCC Grand Prix: Titled Tuesday Blitz"]
[Site "Chess.com"]
[Date "2020.08.25"]
[Round "10"]
[White "davigator"]
[Black "mortngabriel"]
[Result "1/2-1/2"]
[WhiteElo "2347"]
[BlackElo "2441"]
[TimeControl "180+1"]
[EndTime "12:00:39 PDT"]
[Termination "Game drawn by repetition"]

1. e4 c5 2. Nf3 e6 3. d4 cxd4 4. Nxd4 Nf6 5. Bd3 Nc6 6. Nxc6 bxc6 7. Nc3 d5 8. O-O Qc7 9. Qe2 Be7 10. e5 Nd7 11. f4 c5 12. Qg4 g6 13. Na4 c4 14.
Be2 h5 15. Qh3 Bb7 16. b3 Bc6 17. Nb2 cxb3 18. cxb3 Qb6+ 19. Kh1 Bb5 20. Be3 Bc5 21. Bxb5 Qxb5 22. Na4 Bxe3 23. Qxe3 O-O 24. f5 exf5 25. e6 Rfe8 26. exf7+ Kxf7 27. Qh6 Nf6 28. Rac1 Rac8 29.
Qd2 Re2 30. Qd4 Rcc2 31. Nc3 Rxg2 32. Qxa7+ Qd7 33. Qxd7+ Nxd7 34. Rxc2 Rxc2 35. Nxd5 Rxa2 36. Rb1 Nf6 37. Nf4 Rf2 38. Nd3 Rd2 39. Ne5+ Kg7 40. Rg1 Ng4 41. Nxg4 hxg4 42. Rb1 Rd5 43. b4 Rb5 44. Kg2 Kf6 45. Kf2 Ke5 46. Ke3 g5 47. Kd3 Kd5 48. Kc3 f4 49. Rg1 Ke4 50. Rxg4 Ke3 51.
Kc4 Rb8 52. Rxg5 f3 53. Rf5 f2 54. h4 Ke2 55. Re5+ Kd2 56. Rf5 Ke2 57. Re5+ Kd2 58. Rf5 Ke2 1/2-1/2

[Event "*** SCC Grand Prix: Titled Tuesday Blitz"]
[Site "Chess.com"]
[Date "2020.08.25"]
[Round "10"]
[White "paulrusan"]
[Black "profofchess"]
[Result "1/2-1/2"]
[WhiteElo "2232"]
[BlackElo "2421"]
[TimeControl "180+1"]
[EndTime "12:00:41 PDT"]
[Termination "Game drawn by stalemate"]

1. e4 e6 2. Nf3 d5 3. e5 Nh6 4. d4 c5 5. c3 Nc6 6. a3 f6 7.
exf6 Qxf6 8. Bg5 Qf7 9. dxc5 Bxc5 10. b4 Bb6 11. Be2 e5 12. b5 Ne7 13. O-O Ng6 14.
Nbd2 O-O 15. Bxh6 gxh6 16. Nb3 Be6 17. Qd2 Kg7 18. a4 a5 19. bxa6 bxa6 20. a5 Ba7 21. Rae1 Rab8 22. Bd1 Qc7 23. Qd3 d4 24. c4 Bxc4 25. Qe4 Bxb3 26. Bxb3 Rxb3 27. Nxe5 Nxe5 28.
Qxe5+ Qxe5 29. Rxe5 Rf7 30. Rd5 d3 31. g3 Rb2 32.
Rxd3 Rbxf2 33. Rxf2 Rxf2 34. Kh1 Rf7 35. Rd6 Rf6 36.
Rd7+ Rf7 37. Rd6 Bc5 38. Rxa6 Ra7 39. Rxa7+ Bxa7 40. Kg2 Bc5 41. Kf3 Kf6 42. Ke4 Ke6 43. a6 Kd7 44. Kf5 Bd4 45. g4 Kc6 46. h4 Kb6 47. g5 hxg5 48. hxg5 Kxa6 49. g6 h6 50. Kg4 Bg7 51. Kh3 Kb5 52. Kh2 Kc5 53. Kh1 Kd5 54.
Kh2 Ke5 55. Kh1 Kf5 56. Kh2 Kxg6 57. Kh1 Kg5 58. Kh2 h5 59. Kh1 h4 60. Kh2 Kg4 61. Kh1 Kh3 62. Kg1 Bd4+ 63. Kh1 Be3 1/2-1/2

[Event "*** SCC Grand Prix: Titled Tuesday Blitz"]
[Site "Chess.com"]
[Date "2020.08.25"]
[Round "10"]
[White "Cambek64"]
[Black "catzapto"]
[Result "1-0"]
[WhiteElo "2322"]
[BlackElo "2046"]
[TimeControl "180+1"]
[EndTime "12:00:43 PDT"]
[Termination "Cambek64 won by resignation"]

1. e4 c5 2. Nc3 Nc6 3. d3 Nf6 4. f4 e6 5. Nf3 d5 6. Be2 dxe4 7. dxe4 Qxd1+ 8. Bxd1 Be7 9. h3 O-O 10. Be3 Rd8 11. g4 Nd4 12. Kf2 Nxf3 13. Bxf3 Bd7 14. e5 Ne8 15. Rhd1 Bc6 16. Bxc6 bxc6 17. b3 Nc7 18. Ne4 Nd5 19. Kf3 Nxe3 20. Kxe3 Rd5 21. c4 Rxd1 22. Rxd1 a5 23. Rd7 Kf8 24. Rc7 a4 25.
Rxc6 axb3 26. axb3 Rb8 27. Kd2 Ke8 28. Kc2 Kd7 29.
Ra6 Rb7 30. g5 g6 31. h4 Kc7 32. Ng3 Rb6 33. Ra5 Rb8 34. h5 Kb6 35. Rb5+ Kc7 36. Rxb8 Kxb8 37. h6 Kc7 38. Ne4 Kc6 39. Kc3 Kb6 40.
Kb2 Ka5 41. Ka3 Kb6 42. Ka4 Ka6 43. Nf6 Bxf6 44. gxf6 Kb6 45. b4 cxb4 46. Kxb4 Kc6 47. c5 Kc7 48. Kb5 Kb7 49. c6+ Kc7 50. Kc5 Kc8 51.
Kd6 Kd8 52. c7+ Kc8 53. Ke7 g5 54. fxg5 Kxc7 55. Kxf7 Kd7 56. Kg7 Ke8 57. f7+ Kd7 58. f8=Q Kc6 59. Qd6+ 1-0

[Event "*** SCC Grand Prix: Titled Tuesday Blitz"]
[Site "Chess.com"]
[Date "2020.08.25"]
[Round "10"]
[White "boasovietica"]
[Black "Zq1"]
[Result "0-1"]
[WhiteElo "2398"]
[BlackElo "2539"]
[TimeControl "180+1"]
[EndTime "12:00:44 PDT"]
[Termination "Zq1 won on time"]

1. e4 c5 2. Nf3 d6 3. d4 cxd4 4. Nxd4 Nf6 5. Nc3 Nc6 6. Nb3 g6 7. Be2 Bg7 8. O-O O-O 9. Bg5 a6 10. Kh1 b5 11. a3 Bb7 12. f4 Rc8 13. Bd3 b4 14. Nd5 e6 15. Nxb4 h6 16. Nxc6 Bxc6 17. Bh4 Qb6 18. Qe2 a5 19. Rab1 a4 20. Nd2 Rfe8 21.
Nc4 Qb8 22. Nxd6 Qxd6 23. e5 Qd4 24. exf6 Bxf6 25. Bxf6 Qxf6 26. c3 Red8 27. Rbd1 Rd6 28. Qe5 Qxe5 29. fxe5 Rd5 30. Bc2 Rxe5 31. Rf2 Rb8 32.
Bb1 Reb5 33. Rdd2 Rc5 34. h3 h5 35. Kh2 Rc4 36. Bd3 Rc5 37. Be2 Bb5 38. Bxb5 Rcxb5 39. Kg3 Rg5+ 40. Kf3 Rf5+ 41. Ke3 Rfb5 42. Kd3 Kg7 43.
Ke3 h4 44. Ke2 g5 45. Kf3 Kg6 46. Rfe2 e5 47. Ke4 f5+ 48. Ke3 R8b6 49. Rd8 e4 50. Rdd2 Kf6 51. Kf2 Ke5 52. Ke1 f4 53. Rc2 e3 54. Kf1 Ke4 55. Re1 g4 56. Ree2 gxh3 57.
gxh3 f3 58. Re1 Rg6 59. c4 Rbg5 0-1

[Event "*** SCC Grand Prix: Titled Tuesday Blitz"]
[Site "Chess.com"]
[Date "2020.08.25"]
[Round "10"]
[White "Duong57"]
[Black "Evandro_Barbosa"]
[Result "1-0"]
[WhiteElo "2397"]
[BlackElo "2544"]
[TimeControl "180+1"]
[EndTime "12:00:45 PDT"]
[Termination "Duong57 won on time"]

1. d4 Nf6 2. c4 c5 3. d5 e6 4. Nc3 exd5 5. cxd5 d6 6. e4 g6 7. f4 Bg7 8. Bb5+ Nfd7 9. a4 O-O 10. Nf3 Na6 11.
O-O Nb4 12. Re1 a6 13. Bf1 Nf6 14. h3 b6 15. Be3 Bb7 16. Qd2 Re8 17. Bf2 Rc8 18.
Rad1 Rc7 19. Bh4 Qa8 20. Bc4 Rd7 21. Qf2 Nh5 22. Qd2 Bh6 23. Bg5 Bg7 24. Bh4 Rf8 25. e5 f5 26. Ng5 Bh6 27. Ne6 Re8 28. Bg5 Bxg5 29. Nxg5 Kh8 30. e6 Rde7 31. Nf7+ Kg7 32. Nxd6 Rd8 33. Nxb7 Qxb7 34. d6 Nf6 35. Qf2 Ree8 36. e7 Rd7 37. Be6 Nc6 38. Bxd7 Qxd7 39. Nd5 Qxd6 40. Nxb6 Nd4 41. Nc4 Qd5 42. Ne5 Rxe7 43.
Nf3 Ne4 44. Qf1 Rd7 45. Nxd4 cxd4 46. Qd3 Nc5 47. Qd2 d3 48. Qc3+ Kf7 49. Re5 Ne4 50.
Rxd5 Nxc3 51. Rxd7+ Ke6 52. R7xd3 Ne2+ 53. Kf2 Nxf4 54.
Re3+ Kf6 55. Kf3 1-0

[Event "*** SCC Grand Prix: Titled Tuesday Blitz"]
[Site "Chess.com"]
[Date "2020.08.25"]
[Round "10"]
[White "WPWPWP-2015"]
[Black "Gusarov91"]
[Result "1-0"]
[WhiteElo "2496"]
[BlackElo "2625"]
[TimeControl "180+1"]
[EndTime "12:00:46 PDT"]
[Termination "WPWPWP-2015 won by resignation"]

1. e4 c6 2. d4 Na6 3. c3 Nc7 4.
Bd3 d5 5. e5 g6 6. Qf3 h5 7. h3 Bh6 8. Be3 Bxe3 9. fxe3 Nh6 10. Ne2 Bf5 11. Nf4 Bxd3 12. Nxd3 e6 13. Nd2 Nf5 14. O-O Qg5 15. Nf4 O-O-O 16. e4 Ng3 17. Rf2 h4 18. exd5 exd5 19. Nd3 Nf5 20. Qf4 Ne6 21.
Qxg5 Nxg5 22. Re1 Rdf8 23. Nf4 Kd7 24. e6+ Nxe6 25. Rxe6 fxe6 26. Nxg6 Rfg8 27. Nxh8 Rxh8 28. Rf4 Rg8 29. Nf3 Rh8 30. Ne5+ Kc7 31. Rg4 Rh7 32. Rg6 Kd6 33. Nf3 a5 34. Ng5 Re7 35. Rf6 Ng3 36. Nf7+ Kc7 37. Ng5 Kd7 38. Nf3 Nf5 39. Ne5+ Kd6 40.
Nf7+ Kc7 41. Ng5 Kd7 42. Nxe6 Rxe6 43. Rxf5 Re2 44. Rf2 Re1+ 45. Kh2 a4 46. g3 hxg3+ 47. Kxg3 b6 48. h4 Rh1 49. Kg4 Rg1+ 50. Kf5 Rh1 51. Kg5 Rg1+ 52. Kf6 Rh1 53. Kg5 Rg1+ 54. Kh6 Rh1 55. h5 Ke6 56. Kg6 Rg1+ 57. Kh7 Rh1 58. h6 c5 59. Kg7 Rg1+ 60. Kh8 Rh1 61. h7 Ke7 62. Rf5 cxd4 63. cxd4 Ke6 64. Re5+ Kd6 65. Rg5 Rc1 66. Kg7 Rc7+ 67. Kh6 Rc8 68. Rg8 Rc1 69.
h8=Q Rh1+ 70. Kg7 Rxh8 71. Rxh8 Ke6 72. Rh5 1-0

[Event "*** SCC Grand Prix: Titled Tuesday Blitz"]
[Site "Chess.com"]
[Date "2020.08.25"]
[Round "10"]
[White "szachuspl"]
[Black "DenLaz"]
[Result "1/2-1/2"]
[WhiteElo "2520"]
[BlackElo "2693"]
[TimeControl "180+1"]
[EndTime "12:00:50 PDT"]
[Termination "Game drawn - insufficient material"]

1. d4 d5 2. c4 c6 3. e3 Nf6 4. Nf3 a6 5. Nbd2 g6 6. Bd3 Bg7 7. O-O O-O 8. b3 b6 9. a4 a5 10. Ba3 Bb7 11. Qe2 Nbd7 12. Rac1 Re8 13. Rfd1 e6 14. e4 dxe4 15. Nxe4 Nxe4 16. Bxe4 Qc7 17. h3 f5 18. Bb1 c5 19. Bb2 Rad8 20. Bc2 cxd4 21.
Bxd4 Bxd4 22. Nxd4 Nc5 23. Nb5 Qg7 24. Nd6 Rf8 25.
f3 Bc6 26. Qe3 Rd7 27. Nb5 Rfd8 28. Rxd7 Rxd7 29. Nc3 Qd4 30. Qxd4 Rxd4 31. Rd1 Rxd1+ 32. Bxd1 Kf7 33. Kf2 e5 34. Ke3 Ke6 35. g3 g5 36. f4 exf4+ 37. gxf4 h6 38. Bf3 Bxf3 39. Kxf3 Nxb3 40. Nd5 Nd2+ 41. Ke3 Nxc4+ 42. Kd4 Nb2 43. fxg5 hxg5 44. Nxb6 f4 45. Kc3 Nd1+ 46. Kd2 Nf2 47. Nc4 Nxh3 48. Nxa5 g4 49. Nc6 Ng5 50. a5 Ne4+ 51. Ke1 f3 52. Nd4+ Ke5 53. Nc2 g3 54. Ne3 f2+ 55. Ke2 Nc5 56. Kf3 Kd4 57. Nf1 Kd3 58.
Kxg3 Kc4 59. Kxf2 Kb5 60. Ne3 Kxa5 1/2-1/2

[Event "*** SCC Grand Prix: Titled Tuesday Blitz"]
[Site "Chess.com"]
[Date "2020.08.25"]
[Round "10"]
[White "ketster"]
[Black "chessplayer9919"]
[Result "0-1"]
[WhiteElo "2450"]
[BlackElo "2611"]
[TimeControl "180+1"]
[EndTime "12:00:55 PDT"]
[Termination "chessplayer9919 won on time"]

1. d4 Nf6 2. c4 c5 3. d5 b5 4. Nd2 bxc4 5. e4 d6 6. Bxc4 g6 7. Ngf3 Bg7 8. O-O O-O 9. a4 Ba6 10. Qe2 Bxc4 11. Qxc4 Nbd7 12. a5 Rb8 13. Ra4 Ng4 14. Qc2 Nge5 15. Ne1 c4 16. Nxc4 Nc5 17. Nxe5 Bxe5 18. Ra3 Rb5 19. Nd3 Nxd3 20. Qxd3 Rxa5 21.
f4 Rxa3 22. bxa3 Bg7 23. Be3 Qa5 24. Rc1 Rb8 25. h3 Qa4 26. Rc7 a5 27. Kh2 Bf6 28.
Rc4 Qb3 29. Rc8+ Kg7 30. Qc2 Qxc2 31. Rxc2 Rb3 32. Bc1 a4 33. Rc4 Rc3 34. Rxc3 Bxc3 35. Kg3 f5 36. Kf3 Kf6 37. g4 e6 38. dxe6 Kxe6 39. Ke3 Bg7 40. gxf5+ gxf5 41. Bd2 fxe4 42. Kxe4 d5+ 43. Kf3 Kf5 44. Bb4 Bb2 45. Bd6 Bc1 46.
Bc5 Bxf4 47. Bb4 Bc1 48. Bc5 Ke5 49. Ke2 Ke4 50. Bb4 d4 51. Bc5 Bb2 52. Bb4 d3+ 53.
Kd2 Kd4 54. Bf8 Kc4 55. Be7 Bc3+ 0-1

[Event "*** SCC Grand Prix: Titled Tuesday Blitz"]
[Site "Chess.com"]
[Date "2020.08.25"]
[Round "10"]
[White "Sn00pPawn"]
[Black "annacramling"]
[Result "1/2-1/2"]
[WhiteElo "2001"]
[BlackElo "2103"]
[TimeControl "180+1"]
[EndTime "12:00:55 PDT"]
[Termination "Game drawn by repetition"]

1. d4 Nf6 2. Nf3 d5 3. g3 e6 4. c4 Bb4+ 5. Bd2 Bd6 6. Bg2 c6 7. Qb3 O-O 8. Bb4 a5 9. Bxd6 Qxd6 10. O-O dxc4 11. Qxc4 b5 12. Qc2 Bb7 13. Rc1 Nbd7 14. Nbd2 Rac8 15. a4 c5 16. axb5 cxd4 17. Qd3 e5 18.
Nc4 Qe7 19. Nxa5 e4 20. Qxd4 exf3 21. exf3 Ba8 22. Rxc8 Rxc8 23. Bh3 Re8 24. b6 Bxf3 25. b7 Ne5 26. Re1 Bxb7 27. Rxe5 Qxe5 28. Qxe5 Rxe5 29. Nxb7 Rb5 30. Nd6 Rxb2 31. Kg2 Kf8 32. Nf5 g6 33. Ne3 Ke7 34. Kf3 Kd6 35. Bf1 Nd5 36. Nxd5 Kxd5 37.
h4 Kd4 38. Bh3 h5 39. g4 hxg4+ 40. Bxg4 Ke5 41. h5 gxh5 42. Bxh5 f5 43. Kg3 f4+ 44. Kf3 Rb3+ 45. Kg2 Ke4 46. Bg6+ Ke5 47. Bh5 Kf6 48. Bg4 Kg5 49. Bf3 Kh4 50. Be4 Rc3 51. Bd5 Rd3 52. Be4 Ra3 53. Bd5 Kg5 54. Be4 Kf6 55. Bf3 Ke5 56. Bc6 Ra1 57. Bf3 Rb1 58. Bh5 Kd4 59. Bg6 Rb2 60. Bh7 Ke5 61. Bg6 Rb3 62. Bh5 1/2-1/2

[Event "*** SCC Grand Prix: Titled Tuesday Blitz"]
[Site "Chess.com"]
[Date "2020.08.25"]
[Round "10"]
[White "Taron_Shagbazyan"]
[Black "snowlord"]
[Result "0-1"]
[WhiteElo "2651"]
[BlackElo "2802"]
[TimeControl "180+1"]
[EndTime "12:00:56 PDT"]
[Termination "snowlord won by resignation"]

1. d4 Nf6 2. c4 g6 3. g3 Bg7 4. Bg2 O-O 5. Nc3 Nc6 6. e3 e5 7.
Nge2 exd4 8. exd4 d5 9. cxd5 Nb4 10. Bg5 h6 11. Bxf6 Bxf6 12. a3 Na6 13. O-O Bg7 14.
Rc1 Bd7 15. Ne4 Bb5 16. N4c3 Bc4 17. b3 Bxe2 18. Nxe2 Qd7 19. Qd3 Rfe8 20. b4 Nb8 21. Nc3 a5 22. b5 Qd8 23. Ne4 Bf8 24. a4 Nd7 25. Nc5 b6 26. Nxd7 Qxd7 27. d6 Bxd6 28. Bxa8 Rxa8 29. Rfe1 Rd8 30. Qe4 Bb4 31. Red1 Ba3 32.
Rc3 Bd6 33. Re3 h5 34. Kg2 Kg7 35. h3 Rh8 36. Qc6 Qd8 37. h4 Rf8 38. Rde1 Qf6 39. Qd5 Qd8 40. Rf3 Qd7 41. Re4 Rd8 42. Qg5 Rf8 43.
Qf6+ Kh7 44. Rfe3 Kg8 45. g4 hxg4 46. h5 Qf5 47. Qxf5 gxf5 48. Re8 Kg7 49. Rxf8 Bxf8 50.
Re8 Bd6 51. Rd8 Kh6 52. Rd7 Kxh5 53. Rxf7 Kg6 54. Rd7 Kf6 55. f3 Ke6 56. Rg7 gxf3+ 57. Kxf3 Kd5 58. Ke3 Kc4 59. Rf7 f4+ 60. Ke4 Kb4 61. Kd5 Kxa4 62. Kc4 Ka3 63. Rf6 Kb2 64. Rh6 a4 65. Rh2+ Kc1 66. Rf2 a3 67. Kb3 Kd1 0-1

[Event "*** SCC Grand Prix: Titled Tuesday Blitz"]
[Site "Chess.com"]
[Date "2020.08.25"]
[Round "10"]
[White "el-roedor"]
[Black "Jovidon91"]
[Result "1-0"]
[WhiteElo "2622"]
[BlackElo "2468"]
[TimeControl "180+1"]
[EndTime "12:00:59 PDT"]
[Termination "el-roedor won by resignation"]

1. d4 Nf6 2. c4 e6 3. Nf3 b6 4. a3 Bb7 5. Nc3 d5 6. Bg5 Be7 7. Qa4+ c6 8. Bxf6 Bxf6 9. cxd5 exd5 10. g3 O-O 11. Bh3 c5 12. Rd1 c4 13. O-O Bc6 14. Qc2 b5 15. Ne5 a6 16. Nxc6 Nxc6 17. e3 b4 18. axb4 Nxb4 19. Qa4 Nd3 20. Rd2 Rb8 21. Rb1 Qd6 22. Bg2 Nb4 23. Qa5 Rfd8 24. Ra1 Rd7 25. Ra4 Bd8 26. Qc5 Qxc5 27. dxc5 Nd3 28. Bxd5 Nxc5 29. Rxc4 Ne6 30. Ne4 Ba5 31. Rd1 Rdd8 32. Kg2 Kf8 33. b3 Bb4 34. Rcc1 Be7 35.
Bxe6 Rxd1 36. Rxd1 fxe6 37. Rd3 a5 38. Nd2 Bb4 39. Nc4 Ke7 40. Ne5 Rb6 41. f4 Kf6 42.
Kf3 Ke7 43. g4 Bd6 44. Nc4 Rc6 45. Nxd6 Rxd6 46. Rxd6 Kxd6 47. Ke4 Kc5 48. Kd3 Kb4 49. Kc2 h6 50. h4 g6 51. Kb2 h5 52. g5 Kc5 53.
Kc3 Kd5 54. Kd3 Kc5 55. e4 Kb4 56. f5 exf5 57. exf5 Kxb3 58. fxg6 a4 59. g7 a3 60.
g8=Q+ 1-0